 Dungeon Crawl Stone Soup version 0.29.1-12-g30fa7ad0bf (webtiles) character file.

Game seed: 4638058456023628959

1032 wormed the Vexing (level 8, -1/60 HPs)
             Began as a Gnoll Arcane Marksman on Dec 23, 2022.
             Killed from afar by Dowan (18 damage)
             ... with a shard of ice
             ... on level 5 of the Dungeon.
             The game lasted 00:30:09 (6686 turns).

wormed the Vexing (Gnoll Arcane Marksman)           Turns: 6686, Time: 00:30:11

Health: -1/60      AC: 10    Str:  9    XL:     8   Next: 23%
Magic:  9/14       EV: 14    Int: 13    God:
Gold:   212        SH:  0    Dex: 15    Spells: 8/15 levels left

rFire   + . .      SeeInvis .   y - +1 dagger (freeze)
rCold   + . .      Faith    .   (no shield)
rNeg    . . .      Spirit   .   A - +1 robe {rC+ rF+}
rPois   .          Reflect  .   z - +0 helmet
rElec   .          Harm     .   s - +0 cloak
rCorr   .          Rampage  .   e - +0 pair of gloves
Will    +....                   (no boots)
Stlth   ++........              (no amulet)
HPRegen 0.20/turn               r - +4 ring of protection
MPRegen 0.14/turn               v - ring of willpower

@: no status effects
A: fangs 1, strong nose, distributed training
a: no special abilities


You were on level 5 of the Dungeon.
You visited 1 branch of the dungeon, and saw 5 of its levels.

You collected 212 gold pieces.

Inventory:

Hand Weapons
 a - a +1 sling
 g - a +3 dire flail of holy wrath
 y - a +1 dagger of freezing (weapon)
Armour
 e - a +0 pair of gloves (worn)
 s - a +0 cloak (worn)
 z - a +0 helmet (worn)
 A - a +1 robe of resistance (worn)
Jewellery
 i - an amulet of reflection
 r - a +4 ring of protection (left hand)
 v - a ring of willpower (right hand)
 E - a +4 ring of protection
Wands
 p - a wand of mindburst (20)
 C - a wand of flame (32)
Scrolls
 b - 3 scrolls of poison
 d - 6 scrolls of identify {unknown}
 j - 2 scrolls of blinking {unknown}
 l - a scroll of immolation {unknown}
 m - a scroll of butterflies {unknown}
 o - a scroll of torment {unknown}
 x - a scroll of amnesia {unknown}
 B - a scroll of enchant armour {unknown}
 F - a scroll of vulnerability {unknown}
Potions
 c - a potion of heal wounds
 f - 5 potions of lignification {unknown}
 h - a potion of degeneration {unknown}
 k - 3 potions of attraction {unknown}
 n - 2 potions of haste {unknown}
 q - a potion of ambrosia {unknown}
 t - 5 potions of curing {unknown}
 u - a potion of resistance
 w - 2 potions of flight {unknown}
 D - a potion of invisibility {unknown}


   Skills:
 + Level 4.1 Fighting
 + Level 3.2 Short Blades
 + Level 3.2 Long Blades
 + Level 3.2 Axes
 + Level 3.2 Maces & Flails
 + Level 3.2 Polearms
 + Level 3.2 Staves
 + Level 5.6 Ranged Weapons
 + Level 3.2 Throwing
 + Level 3.2 Armour
 + Level 5.6 Dodging
 + Level 3.2 Stealth
 + Level 3.2 Shields
 + Level 3.2 Unarmed Combat
 + Level 4.3 Spellcasting
 + Level 2.6 Conjurations
 + Level 6.1 Hexes
 + Level 2.6 Summonings
 + Level 2.6 Necromancy
 + Level 2.6 Translocations
 + Level 2.6 Transmutations
 + Level 2.6 Fire Magic
 + Level 2.6 Ice Magic
 + Level 2.6 Air Magic
 + Level 2.6 Earth Magic
 + Level 2.6 Poison Magic
 + Level 3.5 Invocations
 + Level 3.2 Evocations


You had 8 spell levels left.
You knew the following spells:

 Your Spells              Type           Power      Damage    Failure   Level
a - Slow                  Hex            72%        N/A       1%          1
b - Inner Flame           Hex/Fire       14%        N/A       10%         3
c - Portal Projectile     Hex/Tloc       28%        N/A       10%         3

Your spell library contained the following spells:

 Spells                   Type           Power      Damage    Failure   Level
 Cause Fear               Hex            9%         N/A       16%         4
 Gell's Gravitas          Tloc           9%         N/A       21%         3
 Lesser Beckoning         Tloc           9%         N/A       21%         3
 Teleport Other           Tloc           9%         N/A       21%         3
 Dragon Form              Tmut           4%         N/A       100%        7
 Dragon's Call            Summ           4%         N/A       100%        9


Dungeon Overview and Level Annotations

Branches:
Dungeon (5/15)
 Temple: D:4-7

Altars:
Cheibriados
Trog
Vehumet
Wu Jian

Annotations:
D:3 exclusion: statue
D:5 Dowan


Innate Abilities, Weirdness & Mutations

You have very sharp teeth.
Your uncanny sense of smell can sniff out nearby items.
Your experience applies equally to all skills.


Message History

Press: ? - help, Q - select action, (/) - cycle Shift-Dir - straight line, f/p - Dowan
Aim: Dowan, wielding a +0 dagger and wearing a +2 robe of willpower (lightly wounded, fast, 51% to hit)
You shoot a sling bullet. The sling bullet hits Dowan.
Dowan is moderately wounded.
Dowan casts a spell at you. The shard of ice hits you! You partially resist.
Okay, then.
Unknown command.
Fire: a) +1 sling
Press: ? - help, Q - select action, (/) - cycle Shift-Dir - straight line, f/p - Dowan
Aim: Dowan, wielding a +0 dagger and wearing a +2 robe of willpower (moderately wounded, fast, 51% to hit)
You shoot a sling bullet. The sling bullet hits Dowan.
Dowan is heavily wounded.
Dowan gestures at you while chanting. The stone arrow hits you!
Your +1 dagger of freezing glows with a cold blue light!
y - a +1 dagger of freezing (weapon)
Dowan hits you with a +0 dagger.
You hit Dowan. You freeze Dowan. You bite Dowan, but do no damage.
Dowan is heavily wounded.
Dowan hits you with a +0 dagger.
You hit Dowan but do no damage.
Dowan is heavily wounded.
Dowan casts a spell at you. The shard of ice hits you. You partially resist.
You hit Dowan but do no damage.
Dowan is heavily wounded.
Dowan points at you and mumbles some strange words.
The shard of ice hits you! You partially resist.
Dowan hits you with a +0 dagger.
* * * LOW HITPOINT WARNING * * *
Casting: Inner Flame (dangerous; 10% risk of failure)
Confirm with . or Enter, or press ? or * to list all spells.
Aiming: Inner Flame (dangerous; 10% risk of failure)
Press: ? - help, Dir - move target, f/p - Dowan
Aim: Dowan, wielding a +0 dagger and wearing a +2 robe of willpower (heavily wounded, fast, chance to affect: 32%) Dowan is filled with an inner flame.
Dowan barely misses you. Dowan gestures at you while chanting.
The shard of ice hits you!! You partially resist.
You die...

.............######
...........###......# # ..
#..........# ####.#...##
...#..........# ###..###..#.
#.##..>.....## #....)#.....
.#............####.........#
.'.........##...##.........#
#.........#.....#.........#
#.......@e.........#.....
#...<[.#.......#..###..#.
##.....##.....###.....###
##....#..###..#.......#.
##.......#.....).......
#..#.........#.....#..
#..#.........##...##..
#..#.........#.....#..
#.......#.............


You could see Dowan (fast, inner flame).

Vanquished Creatures
  Sigmund (D:5)
  Edmund (D:4)
  Duvessa (D:5)
  An ice beast (D:4)
  2 black bears
  An ogre (D:4)
  A jelly (D:4)
  Jessica (D:3)
  An iguana (D:5)
  Robin (D:3)
  3 gnolls (D:4)
  8 adders
  An ufetubus (D:4)
  2 worms
  2 dart slugs
  4 orcs
  11 ball pythons
  7 bats
  9 endoplasms
  2 giant cockroaches
  17 goblins
  7 hobgoblins
  6 jackals
  7 quokkas
  4 frilled lizards
  4 kobolds
  7 rats
112 creatures vanquished.

Vanquished Creatures (others)
  A fungus (D:1)
  3 plants
  A withered plant (D:1)
5 creatures vanquished.

Grand Total: 117 creatures vanquished

Notes
Turn   | Place    | Note
-------+----------+-------------------------------------------
     0 | D:1      | wormed the Gnoll Arcane Marksman began the quest for the
                  | Orb.
     0 | D:1      | Reached XP level 1. HP: 17/17 MP: 4/4
    86 | D:1      | Reached XP level 2. HP: 18/23 MP: 5/5
   430 | D:1      | Found a faded altar of an unknown god.
   440 | D:1      | Reached XP level 3. HP: 28/28 MP: 7/7
   807 | D:1      | Reached skill level 1 in Invocations
  1258 | D:2      | Reached skill level 1 in Short Blades
  1258 | D:2      | Reached skill level 1 in Long Blades
  1258 | D:2      | Reached skill level 1 in Axes
  1258 | D:2      | Reached skill level 1 in Maces & Flails
  1258 | D:2      | Reached skill level 1 in Polearms
  1258 | D:2      | Reached skill level 1 in Staves
  1258 | D:2      | Reached skill level 1 in Throwing
  1258 | D:2      | Reached skill level 1 in Armour
  1258 | D:2      | Reached skill level 1 in Stealth
  1258 | D:2      | Reached skill level 1 in Shields
  1258 | D:2      | Reached skill level 1 in Unarmed Combat
  1258 | D:2      | Reached skill level 1 in Evocations
  1885 | D:3      | Noticed Jessica
  2005 | D:3      | Found an ornate altar of the Wu Jian Council.
  2070 | D:3      | Reached XP level 4. HP: 34/34 MP: 8/8
  2073 | D:3      | Found a radiant altar of Vehumet.
  2073 | D:3      | Noticed a frost-covered statue
  2170 | D:3      | Found a snail-covered altar of Cheibriados.
  2178 | D:3      | Reached skill level 1 in Conjurations
  2178 | D:3      | Reached skill level 1 in Summonings
  2178 | D:3      | Reached skill level 1 in Necromancy
  2178 | D:3      | Reached skill level 1 in Translocations
  2178 | D:3      | Reached skill level 1 in Transmutations
  2178 | D:3      | Reached skill level 1 in Fire Magic
  2178 | D:3      | Reached skill level 1 in Ice Magic
  2178 | D:3      | Reached skill level 1 in Air Magic
  2178 | D:3      | Reached skill level 1 in Earth Magic
  2178 | D:3      | Reached skill level 1 in Poison Magic
  2179 | D:3      | Noticed Robin
  2531 | D:3      | Killed Robin
  2646 | D:3      | Killed Jessica
  2647 | D:3      | Reached XP level 5. HP: 32/40 MP: 6/9
  3072 | D:4      | Noticed an ice beast
  3414 | D:4      | Found a bloodstained altar of Trog.
  3646 | D:4      | Reached XP level 6. HP: 22/47 MP: 11/11
  3994 | D:5      | Entered Level 5 of the Dungeon
  4010 | D:5      | Reached skill level 5 in Ranged Weapons
  4010 | D:5      | Reached skill level 5 in Dodging
  4070 | D:5      | Noticed a black bear
  4087 | D:4      | HP: 1/47 [ogre/+0 giant club (13)]
  4449 | D:4      | Killed a black bear
  4554 | D:4      | Reached XP level 7. HP: 52/52 MP: 12/12
  4602 | D:5      | Noticed Duvessa
  4830 | D:5      | Noticed Edmund
  5926 | D:4      | Killed Edmund
  5943 | D:5      | Noticed Dowan
  6122 | D:4      | Learned a level 3 spell: Inner Flame
  6126 | D:4      | Learned a level 3 spell: Portal Projectile
  6206 | D:5      | Reached skill level 6 in Hexes
  6328 | D:5      | Noticed Sigmund
  6576 | D:5      | Killed Sigmund
  6577 | D:5      | Reached XP level 8. HP: 47/60 MP: 10/14
  6664 | D:5      | Killed Duvessa
  6686 | D:5      | Killed from afar by Dowan

Illustrated notes

Levels and vault maps discovered:
D:1:      dpeg_cavernosity, layout_loops_ring, shapermc_ecumenical_altar_gd,
          minmay_vboxes
D:2:      layout_basic
D:3:      layout_rooms, vehumet_statue, kennysheep_slug_shrine,
          mainiacjoe_overflow_surrounded_room, grunt_decor_fettered, uniq_robin,
          uniq_jessica
D:4:      layout_basic, trog_butcher_becter
D:5:      nicolae_cairo_tiling_large_dashed, layout_rooms,
          nicolae_ashenzari_skybound, nzn_hepliaklqana_mist_gate,
          grunt_ministairs_10, serial_bayou_crossing, uniq_edmund, uniq_sigmund,
          uniq_duvessa

Skill      XL: |  1  2  3  4  5  6  7 |
---------------+----------------------+-----
Invocations    | 1 2 3 |  3.5
Short Blades   | 1 2 3 |  3.2
Long Blades    | 1 2 3 |  3.2
Axes           | 1 2 3 |  3.2
Maces & Flails | 1 2 3 |  3.2
Polearms       | 1 2 3 |  3.2
Staves         | 1 2 3 |  3.2
Throwing       | 1 2 3 |  3.2
Armour         | 1 2 3 |  3.2
Stealth        | 1 2 3 |  3.2
Shields        | 1 2 3 |  3.2
Unarmed Combat | 1 2 3 |  3.2
Evocations     | 1 2 3 |  3.2
Spellcasting   | 3 4 |  4.3
Conjurations   | 1 2 |  2.6
Summonings     | 1 2 |  2.6
Necromancy     | 1 2 |  2.6
Translocations | 1 2 |  2.6
Transmutations | 1 2 |  2.6
Fire Magic     | 1 2 |  2.6
Ice Magic      | 1 2 |  2.6
Air Magic      | 1 2 |  2.6
Earth Magic    | 1 2 |  2.6
Poison Magic   | 1 2 |  2.6
Fighting       | 3 4 |  4.1
Ranged Weapons | 5 |  5.6
Dodging        | 5 |  5.6
Hexes          | 6 |  6.1

Action                   |  1- 3 |  4- 6 |  7- 9 || total
-------------------------+-------+-------+-------++-------
Melee: Dagger            |       |   183 |    96 ||   279
       Bite              |       |    21 |    17 ||    38
       Punch             |       |     3 |     3 ||     6
 Fire: Sling             |   127 |   120 |   123 ||   370
 Cast: Slow              |     2 |    19 |    39 ||    60
       Inner Flame       |       |       |     5 ||     5
 Stab: Sleeping          |       |     1 |       ||     1
Armor: Robe              |    10 |    84 |    32 ||   126
       Leather armour    |     3 |    18 |       ||    21
Dodge: Dodged            |    29 |   165 |    69 ||   263
